Map: 2000 Atmospheres LE

Players

Throwfordays

  • Race: Terran Terran
  • League: Silver

fuicioso - Winner!

  • Race: Zerg Zerg
  • League: Master

VOD

Have the link to the VOD?

Description

Time

  • Played on: Aug. 26, 2021, 11:17 p.m.
  • Length: 18:27
Show
View Real Time Build Order
Export as new Build Order

Throwfordays Terran 

Build Orders:  

Get SALT Encoding   

  12  0:01  SCV  
  13  0:13  Supply Depot  
  13  0:17  SCV  
  14  0:30  SCV  
  15  0:37  Barracks  
  15  0:44  Refinery  
  15  0:46  SCV  
  16  0:58  SCV  
  16  1:00  Supply Depot  
  17  1:10  SCV  
  18  1:22  SCV  
  19  1:28  Reaper  
  20  1:34  SCV  
  20  1:38  Barracks  
  21  1:42  Refinery  
  21  1:46  SCV  
  22  1:58  SCV  
  22  2:00  Reaper  
  24  2:11  SCV  
  25  2:27  Barracks  
  25  2:32  Reaper  
  26  2:49  Reaper  
  27  3:20  Marine x2  
  27  3:25  Marine  
  30  3:40  Supply Depot  
  30  3:43  Supply Depot  
  30  3:47  Reaper  
  31  4:01  Reaper x2  
  33  4:26  Reaper  
  34  4:33  Command Center  
  34  5:00  Reaper x2  
  34  5:01  Reaper  
  36  5:55  Engineering Bay  
  36  5:58  Engineering Bay  
  36  6:02  Barracks Reactor  
  36  6:11  Barracks Reactor  
  36  6:12  Barracks Reactor  
  33  6:48  Supply Depot  
  33  6:49  Terran Infantry Armor Level 1, Terran Infantry Weapons Level 1  
  33  6:50  Supply Depot  
  33  6:52  SCV  
  35  6:54  SCV  
  35  6:57  Reaper x4  
  35  6:58  Reaper x2  
  41  7:04  SCV  
  41  7:06  SCV  
  43  7:16  SCV  
  43  7:18  SCV  
  45  7:27  Supply Depot  
  45  7:28  SCV, Supply Depot  
  45  7:29  Reaper x4  
  50  7:30  Reaper x2, SCV  
  53  7:40  SCV  
  53  7:42  SCV  
  55  7:51  Factory  
  55  8:47  Armory  
  53  9:24  SCV  
  54  9:27  Refinery  
  54  9:29  Orbital Command  
  54  9:30  Refinery  
  54  9:36  SCV  
  54  9:37  Factory Reactor  
  55  9:40  Factory Tech Lab  
  55  9:42  Terran Infantry Armor Level 2, Terran Infantry Weapons Level 2  
  55  9:48  SCV  
  54  9:57  Reaper x6  
  59  10:00  SCV  
  60  10:12  SCV  
  61  10:29  Reaper x5  
  61  10:30  Reaper  
  65  11:10  Reaper x5  
  65  11:11  Reaper  
  70  11:42  Reaper x4  
  70  11:43  Reaper x2  
  75  12:12  Command Center  
  72  12:41  Marine x6  
  47  12:53  Terran Infantry Weapons Level 3  
  47  12:54  Terran Infantry Armor Level 3  
  47  12:58  Marine  
  47  12:59  Marine x5  
  47  13:00  Barracks  
  53  13:07  Factory Tech Lab  
  52  13:16  Marine x4  
  52  13:17  Marine x2, Planetary Fortress  
  58  13:30  Missile Turret  
  58  13:34  Marine x5  
  64  13:56  Barracks Tech Lab  
  64  14:02  Stimpack  
  57  14:16  Missile Turret  
  51  14:34  Barracks Reactor  
  51  14:42  Missile Turret  
  51  14:45  Missile Turret  
  42  15:10  Marine x6  
  48  15:15  Combat Shield  
  48  15:26  SCV  
  48  15:28  Marine x6  
  49  15:29  Missile Turret  
  49  15:31  Missile Turret  
  55  15:38  SCV  
  56  15:46  Marine x6  
  62  15:51  SCV  
  63  16:03  SCV  
  63  16:04  Marine x6  
  64  16:06  Widow Mine  
  72  16:15  SCV  
  73  16:22  Marine x2  
  75  16:27  Widow Mine  
  77  16:44  Starport  
  77  16:47  Starport  
  77  16:59  Marine x5  
  77  17:00  Marine  
  76  17:17  Marine x6  
Show
View Real Time Build Order
Export as new Build Order

fuicioso Zerg - Winner!

Build Orders: Pool First 

Get SALT Encoding   

  12  0:01  Drone  
  13  0:23  Spawning Pool  
  13  0:26  Drone  
  13  0:35  Overlord  
  13  0:45  Drone  
  14  0:55  Drone  
  14  0:56  Extractor, Drone  
  15  1:02  Drone  
  16  1:10  Drone  
  17  1:13  Queen  
  19  1:21  Drone  
  20  1:31  Zergling x2  
  21  1:42  Drone  
  22  1:55  Hatchery  
  22  1:56  Overlord  
  21  2:04  Drone  
  22  2:13  Queen  
  24  2:17  Extractor  
  23  2:24  Evolution Chamber  
  23  2:27  Drone  
  23  2:28  Drone x2  
  25  2:31  Drone  
  25  3:14  Zergling x2  
  25  3:15  Zergling x12  
  25  3:17  Metabolic Boost  
  32  3:21  Zerg Melee Weapons Level 1  
  32  3:24  Queen  
  34  3:28  Drone  
  34  3:33  Overlord  
  34  4:00  Zergling x12  
  39  4:11  Spine Crawler  
  37  4:25  Drone x3  
  40  4:42  Drone x3  
  40  4:43  Spine Crawler  
  40  4:45  Spine Crawler  
  41  4:51  Spine Crawler  
  40  5:03  Drone x3  
  43  5:16  Zerg Ground Armor Level 1  
  39  5:42  Zergling x8  
  39  5:43  Zergling x10  
  44  6:05  Lair  
  41  6:36  Zergling x2  
  41  6:37  Zergling x10  
  41  6:38  Overlord x3  
  41  6:47  Spine Crawler  
  41  6:52  Queen  
  42  7:03  Drone x5  
  42  7:04  Drone x7  
  42  7:05  Drone x2  
  56  7:10  Extractor x2  
  54  7:18  Overseer x3  
  54  7:19  Spine Crawler  
  53  7:26  Zerg Melee Weapons Level 2  
  53  7:28  Drone, Pneumatized Carapace  
  53  7:29  Drone  
  55  7:33  Drone  
  55  7:34  Drone x4  
  60  7:46  Hydralisk Den  
  59  7:52  Evolution Chamber  
  58  8:00  Spine Crawler  
  58  8:05  Zergling x8  
  56  8:06  Zergling x8, Spore Crawler  
  62  8:21  Hydralisk x2  
  66  8:31  Spine Crawler  
  66  8:33  Queen  
  67  8:36  Queen  
  65  8:49  Baneling Nest  
  56  9:12  Zergling x2, Hydralisk  
  56  9:13  Zergling x4, Hydralisk x3  
  56  9:15  Overlord x3  
  67  9:31  Spire  
  67  9:34  Drone x3  
  67  9:36  Infestation Pit, Hydralisk x2  
  72  9:40  Zerg Missile Weapons Level 1  
  72  9:42  Zerg Ground Armor Level 2  
  71  9:57  Baneling  
  71  9:58  Baneling x6  
  71  9:59  Baneling  
  70  10:22  Spore Crawler  
  68  10:30  Burrow  
  68  10:32  Zergling x22  
  75  11:10  Centrifical Hooks  
  72  11:23  Spine Crawler  
  67  11:35  Mutalisk  
  67  11:36  Mutalisk x7  
  77  11:56  Zerg Flyer Weapons Level 1  
  77  12:07  Zergling x14  
  77  12:08  Zergling x2  
  85  12:28  Mutalisk x4  
  91  12:35  Overlord x2  
  91  12:36  Overlord x3  
  87  13:16  Hatchery  
  86  13:20  Hatchery  
  86  13:22  Spine Crawler  
  86  13:24  Spine Crawler  
  86  13:25  Spine Crawler  
  74  14:37  Mutalisk  
  74  14:38  Mutalisk x13  
  98  15:29  Mutalisk  
  98  15:30  Mutalisk x4  
  98  15:35  Zergling x8  
  109  16:05  Zergling x10  
  109  16:11  Drone x5  
  116  16:12  Drone x2  
  121  16:25  Drone x4  
  125  16:33  Extractor  
  125  16:36  Spine Crawler  
  125  16:38  Extractor, Spore Crawler  
  121  16:40  Spine Crawler  
  121  16:41  Spine Crawler  
  121  16:46  Baneling x7  
  121  16:47  Baneling x3  
  119  16:59  Baneling x2  
  118  18:23  Extractor  
  118  18:24  Extractor  
Tags
 
Add a new tag
Caveats
  • Supply blocks, unpowered buildings, or Contaminate may cause inaccurate times.
  • Supply counts are checked every 10 seconds.